 Dungeon Crawl Stone Soup version 0.31-a0-174-g85c54bcb58 (webtiles) character file.

Game seed: 6442312505332769238

96189 qw the Severer (level 16, -7/106 HPs)
             Began as a Gargoyle Fighter on June 15, 2023.
             Was an Elder of Okawaru.
             Mangled by an orc warrior
             ... wielding a +0 trident
              (8 damage)
             ... on level 2 of the Orcish Mines.
             The game lasted 00:12:38 (21160 turns).

qw the Severer (Gargoyle Fighter)                  Turns: 21160, Time: 00:12:38

Health: -7/106     AC: 48    Str: 29    XL:     16   Next: 16%
Magic:  23/23      EV: 12    Int:  6    God:    Okawaru [****..]
Gold:   2512       SH: 12    Dex: 12    Spells: 15/15 levels left

rFire   . . .        Y - +5 war axe (venom)
rCold   + . .        c - +0 buckler
rNeg    + + +        y - +5 plate armour of the Arcane {SInv}
rPois   inf          g - +1 helmet
rElec   +            f - +0 cloak
rCorr   +            x - +0 pair of gloves of Entitlement {rN++ Will- Regen+ Int-2}
SInv    +            s - +1 pair of boots "Piryan" {rCorr Dex+3}
Will    .....        u - amulet of reflection Stlth
                     j - +4 ring of protection
HPRegen 1.17/turn    e - ring of protection from cold
MPRegen 0.18/turn

%: reflection
@: about to teleport, heroic, flying
A: sickness immunity, AC +12, big wings, negative energy resistance 1,
electricity resistance, torment resistance 1, petrification resistance
a: Renounce Religion, Heroism, Finesse


You were on level 2 of the Orcish Mines.
You worshipped Okawaru.
Okawaru was greatly pleased with you.
You visited 4 branches of the dungeon, and saw 23 of its levels.

You collected 2578 gold pieces.
You spent 66 gold pieces at shops.


Innate Abilities, Weirdness & Mutations

You are immune to sickness and miasma.
Your stone body is resilient. (AC +12)
You are immune to poison.
Your large and strong wings let you fly.
You resist negative energy. (rN+)
You are resistant to electric shocks. (rElec)
You are resistant to unholy torment.
You are immune to petrification.


   Skills:
 - Level 14.0(19.0) Fighting
 - Level 16.0(21.0) Axes
 - Level 7.1(12.1) Throwing
 + Level 13.8(18.8) Armour
 - Level 4.0(9.0) Dodging
 - Level 9.0(14.0) Shields
 - Level 10.0 Invocations


You had 15 spell levels left.
You didn't know any spells.
Your spell library was empty.

Inventory:

Hand Weapons
 o - a +1 morningstar of protection
 w - a -2 demon whip of venom
 Y - a +5 war axe of venom (weapon)
Missiles
 t - 3 silver boomerangs (quivered)
 A - 5 boomerangs
Armour
 c - a +0 buckler (worn)
 f - a +0 cloak (worn)
 g - a +1 helmet (worn)
 m - the +2 scale mail of Insecurity {rF++ rCorr Dex+4}
   (You found it on level 3 of the Dungeon)

   Dex:       It affects your dexterity (+4).
   rF:        It greatly protects you from fire.
   rCorr:     It protects you from acid and corrosion.
 s - the +1 pair of boots "Piryan" (worn) {rCorr Dex+3}
   (Okawaru gifted it to you on level 11 of the Dungeon)

   Dex:       It affects your dexterity (+3).
   rCorr:     It protects you from acid and corrosion.
 x - the +0 pair of gloves of Entitlement (worn) {rN++ Will- Regen+ Int-2}
   (You found it on level 4 of the Lair of Beasts)

   Int:       It affects your intelligence (-2).
   rN:        It greatly protects you from negative energy.
   Regen:     It increases your rate of health regeneration.
   Will:      It decreases your willpower.
 y - the +5 plate armour of the Arcane (worn) {SInv}
   (You found it on level 5 of the Lair of Beasts)

   SInv:      It lets you see invisible.
Jewellery
 b - a ring of resist corrosion
 e - a ring of protection from cold (right hand)
 j - a +4 ring of protection (left hand)
 k - a ring of positive energy
 u - an amulet of reflection (around neck)
Wands
 B - a wand of digging (6)
Scrolls
 h - 2 scrolls of teleportation
 i - 14 scrolls of identify
Potions
 a - 2 potions of haste
 d - 3 potions of might
 l - 7 potions of curing
 n - 2 potions of mutation
 p - 2 potions of lignification
 r - 2 potions of attraction
 z - a potion of magic

Dungeon Overview and Level Annotations

Branches:
Dungeon (15/15)            Temple (1/1) D:5            Lair (5/5) D:9
  Swamp (0/4) Lair:3       Spider (0/4) Lair:2        Slime (0/5) Lair:5
    Orc (2/2) D:10            Elf (0/3) Orc:2        Vaults (0/5) D:13
 Depths (0/4) D:15

Altars:
Ashenzari
Cheibriados
Dithmenos
Elyvilon
Fedhas
Gozag
Hepliaklqana
Kikubaaqudgha
Makhleb
Nemelex Xobeh
Okawaru
Qazlal
Ru
Sif Muna
Trog
Uskayaw
Vehumet
Wu Jian
Xom
Yredelemnul
Zin
The Shining One

Shops:
D:6 *   D:14 [

Portals:
Trove: D:10 (show slimy rune of Zot)
Volcano: Orc:2

Annotations:
D:5 3 runed translucent doors, qw's ghost, novice GrFi
D:12 exclusion: moth of wrath
Lair:4 1 runed translucent door, Aricsoirch's ghost, journeyman GrFi


Message History

The orc priest no longer looks unusually strong.
The orc no longer looks unusually strong.
The orc warrior no longer looks unusually strong.
The orc knight no longer looks unusually strong.
The orc priest no longer looks unusually strong.
You block the troll's attack. The troll claws you.
The troll claws you but does no damage.
The orc warrior hits you but does no damage.
You block the orc knight's attack. The orc hits you but does no damage.
The orc priest mumbles some strange prayers to Beogh against you.
Beogh smites you! The orc priest closely misses you.
You barely miss the orc knight.
The orc knight is moderately wounded.
You hit the orc warrior. You slash the orc priest!
You kill the orc priest!
Okawaru accepts your kill.
You slash the troll!
The troll looks as sick as possible!
You hit the orc knight but do no damage.
The orc knight is moderately wounded.
You slash the orc knight!
The orc knight is poisoned.
You slice the troll!!
The troll looks as sick as possible!
You barely miss the orc warrior.
The orc priest no longer looks unusually strong.
You kill the troll!
Okawaru accepts your kill. Okawaru grants you throwing weapons!
Something appears at your feet!
An orc knight comes into view. It is wielding a +2 heavy great sword.
You block the orc's attack.
The orc knight unwields a +0 arbalest.
The orc knight wields a +0 long sword.
The orc knight hits you with a +0 long sword.
You barely miss the orc knight.
The orc knight is moderately wounded.
You hit the orc knight but do no damage.
The orc knight looks as sick as possible!
You hit the orc warrior but do no damage.
The orc warrior looks as sick as possible!
The orc priest no longer looks unusually strong.
The orc priest calls down the wrath of Beogh upon you.
You are unaffected.
The orc warrior hits you with a +0 trident!
You die...

...## #........
.....##........
......#........
#.#.#.#..........
...4oooo..........
...o.ooo..(........
o...ooo)o.....)....
#@o..........
#............
#............
#............
#............
#.#..........
###..........
.............
...............


You could see 3 orc knights, an orc high priest (strong), a rust devil
(summoned), 2 orc warriors, 5 orc priests and 3 orcs.

Vanquished Creatures
  Saint Roka (Orc:2)
  A fire giant (D:15)
  Snorg (Lair:5)
  An ettin (Orc:2)
  A fire dragon (D:13)
  Josephine (Lair:5)
  10 hydras
  A boulder beetle (D:14)
  7 centaur warriors
  A death knight (D:14)
  5 two-headed ogres
  3 catoblepae
  A dancing weapon (D:13)
  An ogre mage (D:15)
  A tengu warrior (D:13)
  9 death yaks
  A skyshark (Lair:4)
  Amaemon (Lair:3)
  A pharaoh ant (Lair:2)
  9 skeletal warriors
  A swamp dragon (shapeshifter) (D:13)
  Pikel (D:4)
  A tengu zombie (D:15)
  2 orc knights
  A phantasmal warrior (D:15)
  A lindwurm (Lair:5)
  2 deep elf pyromancers (D:14)
  2 manticores
  A mana viper (shapeshifter) (D:14)
  A necromancer (D:15)
  13 ugly things
  An orc sorcerer (Orc:2)
  6 cyclopes
  5 black mambas
  An orange demon (Lair:3)
  8 elephants
  A cane toad (shapeshifter) (D:13)
  9 cane toads
  3 rime drakes
  A yaktaur (D:13)
  2 freezing wraiths (D:13)
  2 gargoyles
  2 efreet (D:14)
  7 komodo dragons
  8 trolls
  7 polar bears
  A meliai (shapeshifter) (D:14)
  5 hornets
  A wolf spider simulacrum (D:14)
  A troll (shapeshifter) (D:13)
  A tarantella (Lair:2)
  A tyrant leech (Lair:3)
  2 spriggan zombies (D:15)
  A dream sheep (Lair:5)
  11 blink frogs
  7 slime creatures
  A vampire (D:12)
  2 jumping spiders (Lair:2)
  A spriggan (shapeshifter) (D:15)
  13 spriggans (Lair:5)
  A shadow (D:13)
  8 wyverns
  5 wraiths
  34 yaks
  3 basilisks
  4 vampire mosquitoes (D:10)
  A redback (Lair:2)
  3 steam dragons
  2 wargs
  A human zombie (D:15)
  3 swamp worms (Lair:3)
  4 acid dragons
  9 water moccasins
  12 orc warriors
  4 black bears
  2 ice beasts
  2 sky beasts
  A meliai simulacrum (D:14)
  5 boggarts (Lair:5)
  A hornet zombie (D:6)
  10 ogres
  41 wolves
  14 centaurs
  8 phantoms
  A lemure (D:4)
  11 kobold brigands (D:6)
  8 bullfrogs
  6 scorpions
  A gnoll sergeant (D:7)
  9 wights
  20 killer bees
  5 howler monkeys
  An electric eel (Lair:4)
  3 centaur zombies (D:6)
  2 bullfrog zombies (D:6)
  5 hounds
  2 centaur skeletons (D:6)
  An iron imp (D:9)
  2 jellies (D:6)
  23 orc priests
  2 gnoll boudas
  4 iguanas
  3 bullfrog skeletons (D:6)
  A sleepcap (D:7)
  Terence (D:2)
  19 orc wizards
  3 killer bee zombies (D:6)
  2 howler monkey zombies (D:6)
  20 gnolls
  6 adders
  An ufetubus (D:4)
  4 worms
  2 dart slugs (D:1)
  54 orcs
  8 endoplasms
  A giant cockroach (D:2)
  5 goblins
  3 hobgoblins
  3 jackals (D:2)
  6 quokkas
  7 ball pythons
  2 bats
  3 frilled lizards (D:1)
  10 kobolds
  6 rats
648 creatures vanquished.

Notes
Turn   | Place    | Note
-------+----------+-------------------------------------------
     0 | D:1      | qw the Gargoyle Fighter began the quest for the Orb.
     0 | D:1      | Reached XP level 1. HP: 14/14 MP: 1/1
     0 | D:1      | 0 ||| qw: Version: 0.2-a-29-g511e9b1
     0 | D:1      | 0 ||| qw: Game counter: 5305
     0 | D:1      | 0 ||| qw: Always use a shield: true
     0 | D:1      | 0 ||| qw: God list: Okawaru
     0 | D:1      | 0 ||| qw: Allow faded altars: false
     0 | D:1      | 0 ||| qw: Do Orc after D:15 true
     0 | D:1      | 0 ||| qw: Do second Lair branch before Depths: true
     0 | D:1      | 0 ||| qw: Lair rune preference: random
     0 | D:1      | 0 ||| qw: Plans: Normal, Zot:1-4, Slime:5, God:TSO, Crypt,
                  | Tomb, Abyss, Pan, Hells, Win
     0 | D:1      | 0 ||| PLANNING D:1-11
    77 | D:1      | Reached skill level 2 in Axes
    92 | D:1      | 92 ||| Stepping ~*~*~tactically~*~*~ (hiding).
   151 | D:1      | 151 ||| Stepping ~*~*~tactically~*~*~ (stealth).
   157 | D:1      | Reached XP level 2. HP: 17/19 MP: 2/2
   433 | D:1      | 433 ||| DROPPING +0 whip.
   588 | D:1      | Reached skill level 3 in Axes
   712 | D:1      | 712 ||| UPGRADING to +1 helmet.
   717 | D:1      | 717 ||| UPGRADING to +0 pair of boots.
   722 | D:1      | 722 ||| READING scroll labelled YCAXYI LORUSM.
   723 | D:1      | 723 ||| READING scroll labelled CISUMNUICA.
   724 | D:1      | 724 ||| READING scroll labelled QEIWKUTHATU.
   788 | D:2      | Reached XP level 3. HP: 23/23 MP: 3/3
   818 | D:2      | 818 ||| Stepping ~*~*~tactically~*~*~ (stealth).
   820 | D:2      | Noticed Terence
   834 | D:2      | Killed Terence
   835 | D:2      | Reached XP level 4. HP: 28/28 MP: 4/4
   917 | D:2      | 917 ||| Stepping ~*~*~tactically~*~*~ (hiding).
   928 | D:2      | Reached skill level 4 in Axes
  1034 | D:2      | 1034 ||| DROPPING +0 mace.
  1393 | D:2      | Reached XP level 5. HP: 30/32 MP: 5/5
  1577 | D:2      | 1577 ||| UPGRADING to ring of positive energy.
  1578 | D:2      | 1578 ||| READING 2 scrolls labelled PAYP CI PETAJOS.
  1583 | D:2      | 1583 ||| READING scroll labelled RYEQYE CYBEUSEMN.
  1584 | D:2      | 1584 ||| READING scroll labelled JEURUR XOILE.
  1585 | D:2      | 1585 ||| READING scroll labelled RUGAUMEUCIG.
  1586 | D:2      | 1586 ||| DRINKING 2 glowing brown potions.
  1587 | D:2      | 1587 ||| DROPPING potion of enlightenment.
  1911 | D:3      | 1911 ||| Stepping ~*~*~tactically~*~*~ (hiding).
  1913 | D:3      | 1913 ||| Stepping ~*~*~tactically~*~*~ (hiding).
  1914 | D:3      | 1914 ||| Stepping ~*~*~tactically~*~*~ (hiding).
  1915 | D:3      | 1915 ||| Stepping ~*~*~tactically~*~*~ (hiding).
  1916 | D:3      | 1916 ||| Stepping ~*~*~tactically~*~*~ (hiding).
  2177 | D:3      | Found a shimmering altar of Xom.
  2179 | D:3      | Found an iron altar of Okawaru.
  2179 | D:3      | Found a white marble altar of Elyvilon.
  2180 | D:3      | 2180 ||| PLANNING OKAWARU WORSHIP
  2181 | D:3      | Found a shimmering altar of Xom.
  2181 | D:3      | Found a basalt altar of Yredelemnul.
  2181 | D:3      | Found a blossoming altar of Fedhas.
  2194 | D:3      | 2194 ||| Stepping randomly (stuck).
  2195 | D:3      | 2195 ||| PLANNING D:1-11
  2291 | D:3      | Found a bloodstained altar of Trog.
  2304 | D:3      | Reached skill level 5 in Axes
  2340 | D:3      | Identified the +2 scale mail of Insecurity {rF++ rCorr
                  | Dex+4}
  2558 | D:3      | 2558 ||| UPGRADING to +2 scale mail of Insecurity {rF++
                  | rCorr Dex+4}.
  2568 | D:3      | 2568 ||| DROPPING +0 scale mail.
  2569 | D:3      | 2569 ||| DROPPING +2 leather armour of fire resistance.
  2570 | D:3      | 2570 ||| DRINKING 2 fizzy inky potions.
  2571 | D:3      | 2571 ||| DRINKING 3 brown potions.
  2672 | D:4      | Reached skill level 1 in Dodging
  2782 | D:4      | Reached XP level 6. HP: 39/39 MP: 6/6
  2794 | D:4      | Noticed a hornet
  2796 | D:4      | Noticed a yak
  2807 | D:4      | HP: 3/39 [yak (10)]
  2807 | D:4      | HP: 1/39 [iguana (2)]
  2808 | D:4      | 2808 ||| READING 2 scrolls of teleportation.
  2809 | D:4      | 2809 ||| DRINKING 3 potions of heal wounds.
  2811 | D:4      | Killed a yak
  2812 | D:4      | Reached skill level 6 in Axes
  2812 | D:4      | Reached XP level 7. HP: 31/44 MP: 7/7
  2953 | D:4      | You fall into a shaft and drop 3 floors!
  3032 | D:7      | Noticed a steam dragon
  3043 | D:7      | HP: 9/44 [steam dragon (8)]
  3044 | D:7      | 3044 ||| READING 2 scrolls of teleportation.
  3045 | D:7      | 3045 ||| DRINKING 2 potions of heal wounds.
  3137 | D:7      | 3137 ||| DROPPING amulet of magic regeneration.
  3138 | D:7      | 3138 ||| UPGRADING to amulet of the acrobat.
  3146 | D:7      | Killed a steam dragon
  3147 | D:7      | 3147 ||| READING scroll labelled KYTUFR GAKHIEG.
  3148 | D:7      | 3148 ||| DRINKING 2 ruby potions.
  3199 | D:6      | Reached skill level 7 in Axes
  3300 | D:5      | Entered Level 5 of the Dungeon
  3325 | D:5      | Reached XP level 8. HP: 32/49 MP: 8/8
  3454 | D:5      | 3454 ||| DROPPING ring of wizardry.
  3455 | D:5      | 3455 ||| READING scroll labelled REOMEL ELOFA.
  3576 | D:5      | Found a staircase to the Ecumenical Temple.
  3577 | D:5      | 3577 ||| PLANNING TEMPLE
  3600 | Temple   | Entered the Ecumenical Temple
  3606 | Temple   | 3606 ||| PLANNING OKAWARU WORSHIP
  3666 | Temple   | Became a worshipper of Warmaster Okawaru
  3667 | Temple   | 3667 ||| PLANNING D:1-11
  3696 | D:5      | Reached skill level 8 in Axes
  3778 | D:5      | 3778 ||| Stepping ~*~*~tactically~*~*~ (stealth).
  3784 | D:5      | Reached skill level 6 in Fighting
  3786 | D:5      | 3786 ||| DROPPING +0 flail.
  3810 | D:5      | 3810 ||| DRINKING 2 fuming ruby potions.
  3870 | D:4      | HP: 10/52 [hornet (12)]
  3871 | D:4      | 3871 ||| READING scroll of teleportation.
  3872 | D:4      | 3872 ||| DRINKING 3 potions of heal wounds.
  3873 | D:4      | Killed a hornet
  3873 | D:4      | Reached * piety under Okawaru
  3970 | D:4      | Reached XP level 9. HP: 55/56 MP: 9/9
  4157 | D:4      | Noticed Pikel
  4162 | D:4      | 4162 ||| Stepping ~*~*~tactically~*~*~ (stealth).
  4166 | D:4      | 4166 ||| FLEEEEING.
  4167 | D:4      | 4167 ||| FLEEEEING.
  4168 | D:4      | 4168 ||| FLEEEEING.
  4169 | D:4      | 4169 ||| FLEEEEING.
  4170 | D:4      | 4170 ||| FLEEEEING.
  4171 | D:4      | 4171 ||| FLEEEEING.
  4172 | D:4      | 4172 ||| FLEEEEING.
  4173 | D:4      | 4173 ||| FLEEEEING.
  4174 | D:4      | 4174 ||| FLEEEEING.
  4175 | D:4      | 4175 ||| FLEEEEING.
  4176 | D:4      | 4176 ||| FLEEEEING.
  4177 | D:4      | 4177 ||| FLEEEEING.
  4178 | D:4      | 4178 ||| FLEEEEING.
  4179 | D:4      | 4179 ||| FLEEEEING.
  4180 | D:4      | 4180 ||| FLEEEEING.
  4181 | D:4      | 4181 ||| FLEEEEING.
  4182 | D:4      | 4182 ||| FLEEEEING.
  4183 | D:4      | 4183 ||| FLEEEEING.
  4184 | D:4      | 4184 ||| FLEEEEING.
  4185 | D:4      | 4185 ||| FLEEEEING.
  4186 | D:4      | 4186 ||| FLEEEEING.
  4187 | D:4      | 4187 ||| FLEEEEING.
  4188 | D:4      | 4188 ||| INVOKING Heroism.
  4191 | D:4      | Killed Pikel
  4192 | D:4      | Reached skill level 9 in Axes
  4192 | D:4      | Reached skill level 3 in Invocations
  4301 | D:4      | 4301 ||| READING scroll labelled LAFUROP MAUGG.
  4347 | D:5      | 4347 ||| Stepping ~*~*~tactically~*~*~ (hiding).
  4354 | D:5      | 4354 ||| INVOKING Heroism.
  4362 | D:5      | 4362 ||| Stepping ~*~*~tactically~*~*~ (stealth).
  4372 | D:5      | 4372 ||| Stepping ~*~*~tactically~*~*~ (stealth).
  4411 | D:5      | Noticed a troll
  4412 | D:5      | 4412 ||| INVOKING Heroism.
  4421 | D:5      | Killed a troll
  4421 | D:5      | Reached ** piety under Okawaru
  4725 | D:5      | Found a runed translucent gate.
  4726 | D:5      | Found a runed translucent gate.
  4726 | D:5      | Noticed qw's ghost (novice GrFi)
  4727 | D:5      | Found a runed translucent gate.
  4802 | D:5      | 4802 ||| Stepping ~*~*~tactically~*~*~ (hiding).
  4809 | D:5      | 4809 ||| Stepping ~*~*~tactically~*~*~ (hiding).
  4815 | D:5      | 4815 ||| Stepping ~*~*~tactically~*~*~ (hiding).
  4817 | D:5      | 4817 ||| Stepping ~*~*~tactically~*~*~ (hiding).
  4820 | D:5      | 4820 ||| INVOKING Heroism.
  4881 | D:5      | 4881 ||| INVOKING Heroism.
  5346 | D:5      | 5346 ||| UPGRADING to ring of protection from cold.
  5458 | D:6      | 5458 ||| INVOKING Heroism.
  5459 | D:6      | 5459 ||| Stepping ~*~*~tactically~*~*~ (stealth).
  5468 | D:6      | Reached skill level 10 in Axes
  5483 | D:6      | Reached XP level 10. HP: 62/63 MP: 13/13
  5487 | D:6      | Found Aytt's Alliterative Accessories.
  5525 | D:6      | 5525 ||| BUYING 2 potions of attraction (66 gold).
  5525 | D:6      | Bought 2 potions of attraction for 66 gold pieces
  5603 | D:6      | Found a basalt altar of Yredelemnul.
  5605 | D:6      | 5605 ||| Stepping ~*~*~tactically~*~*~ (hiding).
  5633 | D:6      | 5633 ||| INVOKING Heroism.
  5660 | D:6      | Reached skill level 1 in Throwing
  5700 | D:6      | 5700 ||| Stepping ~*~*~tactically~*~*~ (stealth).
  5827 | D:6      | Found a shadowy altar of Dithmenos.
  5876 | D:6      | 5876 ||| Stepping ~*~*~tactically~*~*~ (stealth).
  5877 | D:6      | 5877 ||| Stepping ~*~*~tactically~*~*~ (stealth).
  5881 | D:6      | 5881 ||| INVOKING Heroism.
  6187 | D:6      | Found the +7 Throatcutter {drain, coup de grace}
  6350 | D:6      | 6350 ||| READING scroll labelled NOAFRO XEOLICE.
  6351 | D:6      | 6351 ||| READING 2 scrolls of identify.
  6351 | D:6      | 6351 ||| IDENTIFYING amethyst potion
  6352 | D:6      | 6352 ||| DROPPING potion of berserk rage.
  6371 | D:7      | 6371 ||| STAIRDANCE
  6373 | D:6      | 6373 ||| INVOKING Heroism.
  6377 | D:6      | Reached skill level 11 in Axes
  6527 | D:7      | Reached skill level 3 in Dodging
  6552 | D:7      | 6552 ||| INVOKING Heroism.
  6561 | D:7      | 6561 ||| Stepping ~*~*~tactically~*~*~ (stealth).
  6645 | D:7      | Reached *** piety under Okawaru
  6839 | D:7      | Found a sparkling altar of Nemelex Xobeh.
  6974 | D:7      | 6974 ||| UPGRADING to +0 cloak.
  7004 | D:8      | 7004 ||| INVOKING Heroism.
  7038 | D:8      | 7038 ||| Stepping ~*~*~tactically~*~*~ (stealth).
  7044 | D:8      | 7044 ||| Stepping ~*~*~tactically~*~*~ (hiding).
  7045 | D:8      | 7045 ||| Stepping ~*~*~tactically~*~*~ (hiding).
  7218 | D:8      | Reached skill level 9 in Fighting
  7318 | D:8      | 7318 ||| INVOKING Heroism.
  7320 | D:8      | 7320 ||| Stepping ~*~*~tactically~*~*~ (hiding).
  7321 | D:8      | 7321 ||| Stepping ~*~*~tactically~*~*~ (hiding).
  7333 | D:8      | 7333 ||| Stepping ~*~*~tactically~*~*~ (stealth).
  7334 | D:8      | 7334 ||| Stepping ~*~*~tactically~*~*~ (stealth).
  7335 | D:8      | 7335 ||| Stepping ~*~*~tactically~*~*~ (stealth).
  7336 | D:8      | 7336 ||| Stepping ~*~*~tactically~*~*~ (stealth).
  7341 | D:8      | 7341 ||| Stepping ~*~*~tactically~*~*~ (stealth).
  7343 | D:8      | 7343 ||| Stepping ~*~*~tactically~*~*~ (stealth).
  7345 | D:8      | 7345 ||| Stepping ~*~*~tactically~*~*~ (stealth).
  7416 | D:8      | Reached XP level 11. HP: 63/71 MP: 14/14
  7427 | D:8      | 7427 ||| INVOKING Heroism.
  7571 | D:8      | 7571 ||| DROPPING +0 chain mail.
  7572 | D:8      | 7572 ||| READING scroll labelled OZUUNO NID.
  7573 | D:8      | 7573 ||| READING 2 scrolls labelled UMY JUPPEOK.
  7574 | D:8      | 7574 ||| READING 2 scrolls of identify.
  7574 | D:8      | 7574 ||| IDENTIFYING fuming red potion
  7575 | D:8      | 7575 ||| DROPPING potion of degeneration.
  7576 | D:8      | 7576 ||| DROPPING scroll of blinking.
  7603 | D:9      | Found a staircase to the Lair.
  7627 | D:9      | 7627 ||| INVOKING Heroism.
  7690 | D:9      | 7690 ||| Stepping ~*~*~tactically~*~*~ (hiding).
  7766 | D:9      | 7766 ||| Stepping ~*~*~tactically~*~*~ (stealth).
  7784 | D:9      | 7784 ||| INVOKING Heroism.
  7847 | D:9      | 7847 ||| FLEEEEING.
  7848 | D:9      | 7848 ||| FLEEEEING.
  7849 | D:9      | 7849 ||| FLEEEEING.
  7850 | D:9      | 7850 ||| FLEEEEING.
  7852 | D:9      | 7852 ||| FLEEEEING.
  7853 | D:9      | 7853 ||| FLEEEEING.
  7854 | D:9      | 7854 ||| FLEEEEING.
  7855 | D:9      | 7855 ||| FLEEEEING.
  7856 | D:9      | 7856 ||| FLEEEEING.
  7857 | D:9      | 7857 ||| FLEEEEING.
  7858 | D:9      | 7858 ||| FLEEEEING.
  7859 | D:9      | 7859 ||| FLEEEEING.
  7860 | D:9      | 7860 ||| FLEEEEING.
  7861 | D:9      | 7861 ||| FLEEEEING.
  7862 | D:9      | 7862 ||| FLEEEEING.
  7864 | D:9      | 7864 ||| FLEEEEING.
  7865 | D:9      | 7865 ||| FLEEEEING.
  7866 | D:9      | 7866 ||| FLEEEEING.
  7867 | D:9      | 7867 ||| FLEEEEING.
  7868 | D:9      | 7868 ||| FLEEEEING.
  7869 | D:9      | 7869 ||| FLEEEEING.
  7870 | D:9      | 7870 ||| FLEEEEING.
  7871 | D:9      | 7871 ||| FLEEEEING.
  7872 | D:9      | 7872 ||| FLEEEEING.
  7873 | D:9      | 7873 ||| STAIRDANCE
  7939 | D:9      | Reached skill level 12 in Axes
  7989 | D:9      | Identified the +8 rapier "Worm's Wrath" {venom, *Rage
                  | Int+6}
  8215 | D:9      | Found a snail-covered altar of Cheibriados.
  8319 | D:9      | Found a glowing golden altar of the Shining One.
  8463 | D:9      | 8463 ||| PLANNING LAIR
  8531 | Lair:1   | Entered Level 1 of the Lair of Beasts
  8532 | Lair:1   | 8532 ||| INVOKING Heroism.
  8566 | Lair:1   | 8566 ||| Stepping ~*~*~tactically~*~*~ (hiding).
  8567 | Lair:1   | 8567 ||| Stepping ~*~*~tactically~*~*~ (hiding).
  8623 | Lair:1   | 8623 ||| Stepping ~*~*~tactically~*~*~ (hiding).
  8627 | Lair:1   | Reached skill level 6 in Shields
  8636 | Lair:1   | 8636 ||| INVOKING Heroism.
  8835 | Lair:1   | 8835 ||| INVOKING Heroism.
  8841 | Lair:1   | Reached skill level 6 in Armour
  8862 | Lair:1   | 8862 ||| Stepping ~*~*~tactically~*~*~ (stealth).
  8864 | Lair:1   | 8864 ||| INVOKING Heroism.
  8919 | Lair:1   | Identified the +5 scale mail of Uwealetu {Rampage *Corrode
                  | rElec Str+3}
  9037 | Lair:1   | 9037 ||| Stepping ~*~*~tactically~*~*~ (stealth).
  9038 | Lair:1   | 9038 ||| Stepping ~*~*~tactically~*~*~ (stealth).
  9040 | Lair:1   | 9040 ||| INVOKING Heroism.
  9370 | Lair:1   | 9370 ||| READING 8 scrolls of identify.
  9370 | Lair:1   | 9370 ||| IDENTIFYING red potion
  9411 | Lair:2   | 9411 ||| INVOKING Heroism.
  9482 | Lair:2   | 9482 ||| DRINKING 5 potions of curing.
  9482 | Lair:2   | 9482 ||| (to cure confusion)
  9485 | Lair:2   | 9485 ||| DRINKING 4 potions of curing.
  9485 | Lair:2   | 9485 ||| (to cure confusion)
  9528 | Lair:2   | 9528 ||| INVOKING Heroism.
  9540 | Lair:2   | Reached **** piety under Okawaru
  9567 | Lair:2   | 9567 ||| Stepping ~*~*~tactically~*~*~ (stealth).
  9571 | Lair:2   | Noticed a pharaoh ant
  9572 | Lair:2   | 9572 ||| INVOKING Heroism.
  9575 | Lair:2   | Killed a pharaoh ant
  9586 | Lair:2   | 9586 ||| Stepping ~*~*~tactically~*~*~ (stealth).
  9591 | Lair:2   | 9591 ||| Stepping ~*~*~tactically~*~*~ (stealth).
  9616 | Lair:2   | Found a hole to the Spider Nest.
  9702 | Lair:2   | 9702 ||| Stepping ~*~*~tactically~*~*~ (stealth).
  9712 | Lair:2   | Reached XP level 12. HP: 74/77 MP: 15/15
  9745 | Lair:2   | Noticed a catoblepas
  9746 | Lair:2   | 9746 ||| Stepping ~*~*~tactically~*~*~ (hiding).
  9748 | Lair:2   | 9748 ||| Stepping ~*~*~tactically~*~*~ (stealth).
  9749 | Lair:2   | 9749 ||| Stepping ~*~*~tactically~*~*~ (hiding).
  9750 | Lair:2   | 9750 ||| INVOKING Heroism.
  9760 | Lair:2   | Killed a catoblepas
  9761 | Lair:2   | Reached skill level 13 in Axes
  9949 | Lair:2   | 9949 ||| INVOKING Heroism.
  9959 | Lair:2   | Reached skill level 6 in Invocations
  9967 | Lair:2   | Noticed an eight-headed hydra
  9972 | Lair:2   | Reached skill level 3 in Throwing
  9972 | Lair:2   | 9972 ||| SWAPPING to +1 morningstar of protection.
  9977 | Lair:2   | HP: 15/77 [eight-headed hydra (7)]
  9978 | Lair:2   | 9978 ||| READING scroll of teleportation.
  9979 | Lair:2   | 9979 ||| DRINKING 4 potions of heal wounds.
  9981 | Lair:2   | 9981 ||| INVOKING Heroism.
  9982 | Lair:2   | Killed an eight-headed hydra
 10144 | Lair:2   | 10144 ||| UPGRADING to +0 heavy war axe.
 10293 | Lair:2   | 10293 ||| Stepping ~*~*~tactically~*~*~ (stealth).
 10307 | Lair:2   | Reached ***** piety under Okawaru
 10389 | Lair:2   | 10389 ||| INVOKING Heroism.
 10803 | Lair:3   | 10803 ||| Stepping ~*~*~tactically~*~*~ (hiding).
 10814 | Lair:3   | 10814 ||| INVOKING Heroism.
 10815 | Lair:3   | Received a gift from Okawaru
 10925 | Lair:3   | 10925 ||| INVOKING Heroism.
 10946 | Lair:3   | 10946 ||| INVOKING Heroism.
 11067 | Lair:3   | 11067 ||| Stepping ~*~*~tactically~*~*~ (stealth).
 11102 | Lair:3   | Noticed a six-headed hydra
 11103 | Lair:3   | 11103 ||| INVOKING Heroism.
 11107 | Lair:3   | Killed a six-headed hydra
 11165 | Lair:3   | Noticed a four-headed hydra
 11166 | Lair:3   | 11166 ||| INVOKING Heroism.
 11171 | Lair:3   | 11171 ||| SWAPPING to +1 morningstar of protection.
 11176 | Lair:3   | Killed a four-headed hydra
 11177 | Lair:3   | 11177 ||| UPGRADING to +0 heavy war axe.
 11254 | Lair:3   | Noticed a six-headed hydra
 11255 | Lair:3   | 11255 ||| INVOKING Heroism.
 11257 | Lair:3   | 11257 ||| Stepping ~*~*~tactically~*~*~ (stealth).
 11262 | Lair:3   | 11262 ||| SWAPPING to +1 morningstar of protection.
 11268 | Lair:3   | Killed a six-headed hydra
 11366 | Lair:3   | 11366 ||| UPGRADING to +0 heavy war axe.
 11393 | Lair:3   | 11393 ||| INVOKING Heroism.
 11397 | Lair:3   | Received a gift from Okawaru
 11402 | Lair:3   | Reached skill level 14 in Axes
 11403 | Lair:3   | Reached skill level 9 in Invocations
 11410 | Lair:3   | Noticed a six-headed hydra
 11411 | Lair:3   | 11411 ||| Stepping ~*~*~tactically~*~*~ (stealth).
 11413 | Lair:3   | 11413 ||| Stepping ~*~*~tactically~*~*~ (stealth).
 11415 | Lair:3   | Noticed Amaemon
 11416 | Lair:3   | 11416 ||| Stepping ~*~*~tactically~*~*~ (stealth).
 11417 | Lair:3   | 11417 ||| Stepping ~*~*~tactically~*~*~ (stealth).
 11418 | Lair:3   | 11418 ||| Stepping ~*~*~tactically~*~*~ (stealth).
 11423 | Lair:3   | 11423 ||| SWAPPING to +1 morningstar of protection.
 11425 | Lair:3   | 11425 ||| INVOKING Heroism.
 11426 | Lair:3   | Killed Amaemon
 11429 | Lair:3   | HP: 19/77 [orange demon[Amaemon] (5)]
 11430 | Lair:3   | 11430 ||| DRINKING 3 potions of heal wounds.
 11433 | Lair:3   | 11433 ||| DRINKING 2 potions of heal wounds.
 11434 | Lair:3   | Killed a six-headed hydra
 11435 | Lair:3   | Reached XP level 13. HP: 45/82 MP: 17/20
 11488 | Lair:3   | 11488 ||| FLEEEEING.
 11512 | Lair:3   | 11512 ||| INVOKING Heroism.
 11548 | Lair:3   | 11548 ||| UPGRADING to +0 heavy war axe.
 11557 | Lair:3   | 11557 ||| SWAPPING to +1 morningstar of protection.
 11559 | Lair:3   | 11559 ||| INVOKING Heroism.
 11637 | Lair:3   | 11637 ||| UPGRADING to +0 heavy war axe.
 11677 | Lair:3   | Found a staircase to the Swamp.
 11864 | Lair:4   | 11864 ||| INVOKING Heroism.
 11911 | Lair:4   | 11911 ||| Stepping ~*~*~tactically~*~*~ (stealth).
 11928 | Lair:4   | 11928 ||| INVOKING Heroism.
 11944 | Lair:4   | 11944 ||| Stepping ~*~*~tactically~*~*~ (stealth).
 11946 | Lair:4   | 11946 ||| Stepping ~*~*~tactically~*~*~ (stealth).
 11959 | Lair:4   | 11959 ||| Stepping ~*~*~tactically~*~*~ (stealth).
 11960 | Lair:4   | 11960 ||| Stepping ~*~*~tactically~*~*~ (stealth).
 11961 | Lair:4   | 11961 ||| Stepping ~*~*~tactically~*~*~ (stealth).
 11980 | Lair:4   | 11980 ||| INVOKING Heroism.
 12057 | Lair:4   | 12057 ||| INVOKING Heroism.
 12180 | Lair:4   | Identified the +0 pair of gloves of Entitlement {rN++ Will-
                  | Regen+ Int-2}
 12185 | Lair:4   | 12185 ||| INVOKING Heroism.
 12199 | Lair:4   | Found a runed translucent door.
 12200 | Lair:4   | Found a shimmering altar of Xom.
 12200 | Lair:4   | Noticed Aricsoirch's ghost (journeyman GrFi)
 12200 | Lair:4   | Identified the +9 battleaxe of Impeachment {chaos, Int+2}
 12202 | Lair:4   | 12202 ||| Stepping ~*~*~tactically~*~*~ (stealth).
 12385 | Lair:4   | 12385 ||| Stepping ~*~*~tactically~*~*~ (stealth).
 12387 | Lair:4   | 12387 ||| Stepping ~*~*~tactically~*~*~ (stealth).
 12389 | Lair:4   | 12389 ||| Stepping ~*~*~tactically~*~*~ (stealth).
 12407 | Lair:4   | 12407 ||| INVOKING Heroism.
 12461 | Lair:4   | 12461 ||| Stepping ~*~*~tactically~*~*~ (stealth).
 12465 | Lair:4   | 12465 ||| Stepping ~*~*~tactically~*~*~ (stealth).
 12466 | Lair:4   | 12466 ||| INVOKING Heroism.
 12479 | Lair:4   | 12479 ||| Stepping ~*~*~tactically~*~*~ (stealth).
 12580 | Lair:4   | 12580 ||| Stepping ~*~*~tactically~*~*~ (stealth).
 12582 | Lair:4   | 12582 ||| Stepping ~*~*~tactically~*~*~ (stealth).
 12584 | Lair:4   | 12584 ||| INVOKING Heroism.
 12585 | Lair:4   | 12585 ||| Stepping ~*~*~tactically~*~*~ (stealth).
 13065 | Lair:4   | 13065 ||| UPGRADING to +0 pair of gloves of Entitlement
                  | {rN++ Will- Regen+ Int-2}.
 13070 | Lair:4   | 13070 ||| REMOVING ring of positive energy.
 13071 | Lair:4   | 13071 ||| DRINKING 2 bubbling grey potions.
 13094 | Lair:5   | Entered Level 5 of the Lair of Beasts
 13094 | Lair:5   | Noticed Snorg
 13095 | Lair:5   | 13095 ||| INVOKING Heroism.
 13111 | Lair:5   | Killed Snorg
 13130 | Lair:5   | 13130 ||| INVOKING Heroism.
 13212 | Lair:5   | 13212 ||| Stepping ~*~*~tactically~*~*~ (stealth).
 13224 | Lair:5   | 13224 ||| Stepping ~*~*~tactically~*~*~ (stealth).
 13226 | Lair:5   | 13226 ||| INVOKING Heroism.
 13269 | Lair:5   | Identified the +5 plate armour of the Arcane {SInv}
 13276 | Lair:5   | 13276 ||| Stepping ~*~*~tactically~*~*~ (stealth).
 13299 | Lair:5   | 13299 ||| Stepping ~*~*~tactically~*~*~ (stealth).
 13301 | Lair:5   | 13301 ||| INVOKING Heroism.
 13314 | Lair:5   | 13314 ||| SWAPPING to -2 demon whip of venom.
 13365 | Lair:5   | 13365 ||| Stepping ~*~*~tactically~*~*~ (stealth).
 13376 | Lair:5   | 13376 ||| UPGRADING to +0 heavy war axe.
 13387 | Lair:5   | 13387 ||| INVOKING Heroism.
 13390 | Lair:5   | 13390 ||| INVOKING Finesse.
 13409 | Lair:5   | 13409 ||| SWAPPING to -2 demon whip of venom.
 13466 | Lair:5   | 13466 ||| INVOKING Finesse.
 13512 | Lair:5   | 13512 ||| INVOKING Heroism.
 13541 | Lair:5   | 13541 ||| Invisibility monster not found???
 13549 | Lair:5   | Reached skill level 12 in Fighting
 13631 | Lair:5   | 13631 ||| Stepping ~*~*~tactically~*~*~ (stealth).
 13633 | Lair:5   | 13633 ||| Stepping ~*~*~tactically~*~*~ (stealth).
 13635 | Lair:5   | 13635 ||| Stepping ~*~*~tactically~*~*~ (stealth).
 13683 | Lair:5   | 13683 ||| UPGRADING to +0 heavy war axe.
 13712 | Lair:5   | 13712 ||| Stepping ~*~*~tactically~*~*~ (stealth).
 13719 | Lair:5   | Gained mutation: Your large and strong wings let you fly.
                  | [Gargoyle growth]
 13719 | Lair:5   | Reached XP level 14. HP: 92/92 MP: 21/21
 13720 | Lair:5   | 13720 ||| Stepping ~*~*~tactically~*~*~ (stealth).
 13764 | Lair:5   | 13764 ||| Stepping ~*~*~tactically~*~*~ (stealth).
 13778 | Lair:5   | Reached skill level 15 in Axes
 13809 | Lair:5   | 13809 ||| INVOKING Heroism.
 13844 | Lair:5   | Found a staircase to the Slime Pits.
 13892 | Lair:5   | 13892 ||| INVOKING Heroism.
 13893 | Lair:5   | 13893 ||| INVOKING Finesse.
 13895 | Lair:5   | 13895 ||| Stepping ~*~*~tactically~*~*~ (stealth).
 13896 | Lair:5   | 13896 ||| Stepping ~*~*~tactically~*~*~ (stealth).
 13954 | Lair:5   | Noticed Josephine
 13968 | Lair:5   | Killed Josephine
 14066 | Lair:5   | 14066 ||| Stepping ~*~*~tactically~*~*~ (stealth).
 14067 | Lair:5   | 14067 ||| INVOKING Heroism.
 14068 | Lair:5   | 14068 ||| INVOKING Finesse.
 14069 | Lair:5   | 14069 ||| Stepping ~*~*~tactically~*~*~ (stealth).
 14432 | Lair:5   | 14432 ||| INVOKING Heroism.
 14433 | Lair:5   | 14433 ||| INVOKING Finesse.
 14450 | Lair:5   | 14450 ||| Stepping ~*~*~tactically~*~*~ (stealth).
 14452 | Lair:5   | Received a gift from Okawaru
 14453 | Lair:5   | Reached skill level 16 in Axes
 14771 | Lair:5   | 14771 ||| PLANNING D:1-11
 14771 | Lair:5   | 14771 ||| DROPPING +0 plate armour.
 14772 | Lair:5   | 14772 ||| UPGRADING to +5 plate armour of the Arcane
                  | {SInv}.
 14782 | Lair:5   | 14782 ||| UPGRADING to ring of resist corrosion.
 14822 | Lair:4   | 14822 ||| Stepping ~*~*~tactically~*~*~ (stealth).
 15020 | D:10     | Entered Level 10 of the Dungeon
 15238 | D:10     | Reached skill level 9 in Armour
 15238 | D:10     | 15238 ||| DRINKING 7 potions of curing.
 15238 | D:10     | 15238 ||| (to cure confusion)
 15241 | D:10     | 15241 ||| Stepping ~*~*~tactically~*~*~ (hiding).
 15361 | D:10     | Found an opulent altar of Gozag.
 15363 | D:10     | 15363 ||| Stepping ~*~*~tactically~*~*~ (stealth).
 15366 | D:10     | 15366 ||| Stepping ~*~*~tactically~*~*~ (stealth).
 15367 | D:10     | 15367 ||| Stepping ~*~*~tactically~*~*~ (stealth).
 15367 | D:10     | Found a staircase to the Orcish Mines.
 15389 | D:10     | 15389 ||| Stepping ~*~*~tactically~*~*~ (stealth).
 15395 | D:10     | 15395 ||| Stepping ~*~*~tactically~*~*~ (stealth).
 15402 | D:10     | Received a gift from Okawaru
 15429 | D:10     | Found a portal to a secret trove of treasure.
 15709 | D:11     | 15709 ||| Stepping ~*~*~tactically~*~*~ (hiding).
 15715 | D:11     | 15715 ||| Stepping ~*~*~tactically~*~*~ (hiding).
 15719 | D:11     | 15719 ||| Stepping ~*~*~tactically~*~*~ (hiding).
 15842 | D:11     | 15842 ||| FLEEEEING.
 15843 | D:11     | 15843 ||| FLEEEEING.
 15844 | D:11     | 15844 ||| FLEEEEING.
 15845 | D:11     | 15845 ||| FLEEEEING.
 15846 | D:11     | 15846 ||| FLEEEEING.
 15847 | D:11     | 15847 ||| FLEEEEING.
 15848 | D:11     | 15848 ||| FLEEEEING.
 15849 | D:11     | 15849 ||| FLEEEEING.
 15850 | D:11     | 15850 ||| FLEEEEING.
 15851 | D:11     | 15851 ||| FLEEEEING.
 15852 | D:11     | 15852 ||| FLEEEEING.
 15853 | D:11     | 15853 ||| FLEEEEING.
 15854 | D:11     | 15854 ||| FLEEEEING.
 15855 | D:11     | 15855 ||| FLEEEEING.
 15856 | D:11     | 15856 ||| FLEEEEING.
 15857 | D:11     | 15857 ||| FLEEEEING.
 15858 | D:11     | 15858 ||| STAIRDANCE
 15960 | D:10     | 15960 ||| UPGRADING to amulet of regeneration.
 15970 | D:10     | 15970 ||| DROPPING amulet of the acrobat.
 15987 | D:11     | Identified the +1 pair of boots "Piryan" {rCorr Dex+3}
                  | (Okawaru gifted it to you on level 11 of the Dungeon)
 15987 | D:11     | Received a gift from Okawaru
 16043 | D:11     | 16043 ||| Stepping ~*~*~tactically~*~*~ (stealth).
 16044 | D:11     | 16044 ||| Stepping ~*~*~tactically~*~*~ (stealth).
 16047 | D:11     | 16047 ||| Stepping ~*~*~tactically~*~*~ (hiding).
 16385 | D:11     | 16385 ||| Stepping ~*~*~tactically~*~*~ (hiding).
 16522 | D:11     | 16522 ||| PLANNING D
 16522 | D:11     | 16522 ||| UPGRADING to +1 pair of boots "Piryan" {rCorr
                  | Dex+3}.
 16532 | D:11     | 16532 ||| REMOVING ring of resist corrosion.
 16533 | D:11     | 16533 ||| DROPPING +0 pair of boots.
 16632 | D:12     | 16632 ||| Stepping ~*~*~tactically~*~*~ (hiding).
 16700 | D:12     | 16700 ||| Stepping ~*~*~tactically~*~*~ (stealth).
 16701 | D:12     | 16701 ||| Stepping ~*~*~tactically~*~*~ (stealth).
 17004 | D:12     | 17004 ||| INVOKING Heroism.
 17303 | D:13     | 17303 ||| INVOKING Heroism.
 17304 | D:13     | 17304 ||| INVOKING Finesse.
 17388 | D:13     | 17388 ||| INVOKING Heroism.
 17404 | D:13     | 17404 ||| INVOKING Heroism.
 17416 | D:13     | Reached XP level 15. HP: 88/96 MP: 22/22
 17422 | D:13     | 17422 ||| UPGRADING to +3 war axe of venom.
 17434 | D:13     | Identified the +0 scale mail "Radetot" {Str+3}
 17575 | D:13     | 17575 ||| Stepping ~*~*~tactically~*~*~ (hiding).
 17699 | D:13     | Found a gate to the Vaults.
 17726 | D:13     | 17726 ||| INVOKING Heroism.
 17730 | D:13     | Reached skill level 12 in Armour
 18075 | D:13     | 18075 ||| READING scroll labelled SYFEUMP RIGO.
 18076 | D:13     | 18076 ||| DROPPING +0 heavy war axe.
 18083 | D:14     | 18083 ||| STAIRDANCE
 18122 | D:14     | 18122 ||| FLEEEEING.
 18123 | D:14     | 18123 ||| FLEEEEING.
 18284 | D:14     | 18284 ||| INVOKING Heroism.
 18308 | D:14     | Reached skill level 6 in Throwing
 18308 | D:14     | 18308 ||| SWAPPING to -2 demon whip of venom.
 18312 | D:14     | Received a gift from Okawaru
 18329 | D:14     | 18329 ||| UPGRADING to +4 war axe of venom.
 18346 | D:14     | 18346 ||| INVOKING Heroism.
 18371 | D:14     | 18371 ||| Stepping ~*~*~tactically~*~*~ (stealth).
 18399 | D:14     | 18399 ||| Stepping ~*~*~tactically~*~*~ (hiding).
 18420 | D:14     | 18420 ||| Stepping ~*~*~tactically~*~*~ (hiding).
 18430 | D:14     | 18430 ||| INVOKING Heroism.
 18461 | D:14     | 18461 ||| INVOKING Heroism.
 18477 | D:14     | 18477 ||| INVOKING Heroism.
 18728 | D:14     | 18728 ||| Stepping ~*~*~tactically~*~*~ (stealth).
 18729 | D:14     | 18729 ||| Stepping ~*~*~tactically~*~*~ (stealth).
 18755 | D:14     | Found an ornate altar of the Wu Jian Council.
 18763 | D:14     | 18763 ||| Stepping ~*~*~tactically~*~*~ (stealth).
 18782 | D:14     | Found Mesong's Antique Armour Shop.
 18892 | D:14     | 18892 ||| INVOKING Heroism.
 18960 | D:14     | 18960 ||| INVOKING Heroism.
 19113 | D:14     | 19113 ||| Stepping ~*~*~tactically~*~*~ (stealth).
 19282 | D:14     | 19282 ||| UPGRADING to +4 ring of protection.
 19283 | D:14     | 19283 ||| READING scroll labelled ZEUVOC XUOREXO.
 19319 | D:15     | Entered Level 15 of the Dungeon
 19372 | D:15     | 19372 ||| INVOKING Heroism.
 19385 | D:15     | 19385 ||| Stepping ~*~*~tactically~*~*~ (stealth).
 19396 | D:15     | 19396 ||| Stepping ~*~*~tactically~*~*~ (stealth).
 19432 | D:15     | Reached skill level 9 in Shields
 19433 | D:15     | Found a staircase to the Depths.
 19435 | D:15     | 19435 ||| Stepping ~*~*~tactically~*~*~ (stealth).
 19492 | D:15     | 19492 ||| Stepping ~*~*~tactically~*~*~ (hiding).
 19494 | D:15     | 19494 ||| Stepping ~*~*~tactically~*~*~ (hiding).
 19496 | D:15     | 19496 ||| Stepping ~*~*~tactically~*~*~ (hiding).
 19498 | D:15     | 19498 ||| Stepping ~*~*~tactically~*~*~ (hiding).
 19607 | D:15     | 19607 ||| Stepping ~*~*~tactically~*~*~ (hiding).
 19609 | D:15     | 19609 ||| Stepping ~*~*~tactically~*~*~ (hiding).
 19680 | D:15     | 19680 ||| READING scroll of enchant weapon.
 19680 | D:15     | 19680 ||| ENCHANTING +4 war axe of venom.
 19709 | D:15     | 19709 ||| INVOKING Heroism.
 19718 | D:15     | Paralysed by an ogre mage for 4 turns
 19865 | D:15     | Noticed a fire giant
 19866 | D:15     | 19866 ||| FLEEEEING.
 19870 | D:15     | 19870 ||| FLEEEEING.
 19871 | D:15     | 19871 ||| INVOKING Heroism.
 19882 | D:15     | Killed a fire giant
 20063 | D:15     | Found a hide-covered altar of Uskayaw.
 20120 | D:15     | 20120 ||| PLANNING ORC
 20120 | D:15     | 20120 ||| UPGRADING to amulet of reflection.
 20130 | D:15     | 20130 ||| DROPPING amulet of regeneration.
 20283 | Orc:1    | Entered Level 1 of the Orcish Mines
 20296 | Orc:1    | 20296 ||| INVOKING Heroism.
 20336 | Orc:1    | 20336 ||| Stepping ~*~*~tactically~*~*~ (hiding).
 20337 | Orc:1    | 20337 ||| Stepping ~*~*~tactically~*~*~ (hiding).
 20338 | Orc:1    | 20338 ||| Stepping ~*~*~tactically~*~*~ (hiding).
 20339 | Orc:1    | 20339 ||| Stepping ~*~*~tactically~*~*~ (hiding).
 20340 | Orc:1    | 20340 ||| Stepping ~*~*~tactically~*~*~ (hiding).
 20389 | Orc:1    | 20389 ||| Stepping ~*~*~tactically~*~*~ (stealth).
 20564 | Orc:2    | Entered Level 2 of the Orcish Mines
 20569 | Orc:2    | 20569 ||| INVOKING Heroism.
 20582 | Orc:2    | Reached XP level 16. HP: 78/106 MP: 21/23
 20824 | Orc:2    | Found a dark tunnel.
 20846 | Orc:2    | 20846 ||| INVOKING Heroism.
 20864 | Orc:2    | Found a staircase to the Elven Halls.
 20878 | Orc:2    | 20878 ||| Stepping ~*~*~tactically~*~*~ (hiding).
 20879 | Orc:2    | 20879 ||| Stepping ~*~*~tactically~*~*~ (hiding).
 20880 | Orc:2    | 20880 ||| Stepping ~*~*~tactically~*~*~ (hiding).
 20881 | Orc:2    | 20881 ||| Stepping ~*~*~tactically~*~*~ (hiding).
 20883 | Orc:2    | 20883 ||| Stepping ~*~*~tactically~*~*~ (hiding).
 20884 | Orc:2    | 20884 ||| Stepping ~*~*~tactically~*~*~ (hiding).
 20885 | Orc:2    | 20885 ||| Stepping ~*~*~tactically~*~*~ (hiding).
 20886 | Orc:2    | 20886 ||| Stepping ~*~*~tactically~*~*~ (hiding).
 21014 | Orc:2    | Noticed Saint Roka
 21015 | Orc:2    | 21015 ||| INVOKING Heroism.
 21028 | Orc:2    | HP: 16/106 [Saint Roka/divine providence (13)]
 21029 | Orc:2    | 21029 ||| READING 5 scrolls of teleportation.
 21029 | Orc:2    | HP: 5/106 [Saint Roka/divine providence (12)]
 21030 | Orc:2    | 21030 ||| DRINKING 5 potions of heal wounds.
 21033 | Orc:2    | 21033 ||| DRINKING 4 potions of heal wounds.
 21065 | Orc:2    | HP: 19/106 [Saint Roka/divine providence (15)]
 21066 | Orc:2    | 21066 ||| READING 4 scrolls of teleportation.
 21066 | Orc:2    | HP: 5/106 [Saint Roka/divine providence (15)]
 21067 | Orc:2    | 21067 ||| DRINKING 3 potions of heal wounds.
 21068 | Orc:2    | 21068 ||| DRINKING 2 potions of heal wounds.
 21069 | Orc:2    | 21069 ||| INVOKING Heroism.
 21070 | Orc:2    | 21070 ||| DRINKING potion of heal wounds.
 21085 | Orc:2    | Killed Saint Roka
 21124 | Orc:2    | 21124 ||| Stepping ~*~*~tactically~*~*~ (hiding).
 21128 | Orc:2    | 21128 ||| Stepping ~*~*~tactically~*~*~ (hiding).
 21131 | Orc:2    | 21131 ||| INVOKING Heroism.
 21155 | Orc:2    | HP: 20/106 [orc priest/divine providence (11)]
 21156 | Orc:2    | 21156 ||| READING 3 scrolls of teleportation.
 21157 | Orc:2    | HP: 1/106 [orc priest/divine providence (11)]
 21159 | Orc:2    | Received a gift from Okawaru
 21160 | Orc:2    | Mangled by an orc warrior

Levels and vault maps discovered:
D:1:      lightli_iron_boxes, layout_basic, grunt_decor_clamped,
          minmay_splitting_lines, kennysheep_boxes
D:2:      layout_basic, nicolae_the_louvre, uniq_terence
D:3:      kennysheep_big_flooded_room, layout_loops_corners,
          amcnicky_altar_gilded, doesnt_xom_only_xom
D:4:      layout_loops_cross, st_stairs_8, minmay_manual_mail, uniq_pikel
D:5:      minmay_skewed_foursquare, layout_basic, minmay_temple_entry_junction,
          gammafunk_ghost_nasty_kobolds, minmay_a_box_with_orc_wizards_in_it
D:6:      layout_cave_pools, overflow_temple_1_default, kennysheep_mini,
          serial_undead, serial_undead_f, serial_undead_d, serial_undead_d,
          serial_undead_d, serial_undead_b, serial_undead_f,
          nicolae_alphabet_shops, kennysheep_donut,
          dilly_guarded_unrand_throatcut
D:7:      layout_layer_cave, nemelex_spade_bored_becter, hellmonk_no_cap
D:8:      layout_cave_pools
D:9:      layout_irregular_city, chei_slow_surprise,
          nicolae_tso_swordbearing_angel, lair_entry_dummy
D:10:     layout_rooms, mainiacjoe_overflow_tiny_flanked,
          minmay_orc_entry_temple_small, enter_trove_1
D:11:     layout_loops_ring
D:12:     layout_basic, tgw_trog
D:13:     minmay_the_grid_plus_closed [minmay_the_grid_tree,
          minmay_the_grid_zigzag_pyramid, minmay_the_grid_holed_spiral,
          minmay_the_grid_dragon_a, minmay_the_grid_prize_trominoes],
          layout_small_grid, erik_vaults_1, kennysheep_nub
D:14:     minmay_imperfect_grid, layout_basic, nicolae_wu_jian_wuxing_cycle,
          serial_shops, shop
D:15:     gammafunk_depths_entry_grave, layout_basic, nicolae_uskayaw_en_pointe,
          small_chamber_with_monster
Temple:   eino_temple_lava
Lair:1:   layout_loops_ring
Lair:2:   layout_roguey, nicolae_spider_entry_lesser_pyramids,
          cheibrodos_lair_reptile_den
Lair:3:   layout_chaotic_city, palyth_hydra_swamp_entry, lemuel_fruit_tree,
          grunt_megastairs_5, uniq_amaemon
Lair:4:   layout_gridlike, ebering_ghost_xom, nicolae_lair_yak_garden,
          grunt_megastairs_3
Lair:5:   minmay_lair_end_enchanted_forest, layout_cave_pods, slime_entry_1,
          grunt_forest_stairs_basic, lemuel_old_faithful, uniq_snorg,
          uniq_josephine
Orc:1:    layout_diamond_mine
Orc:2:    st_orc_pillars, layout_diamond_mine, nicolae_volcano_entry_s_turn,
          basic_altar, uniq_saint_roka, uniq_nessos

Skill      XL: |  1  2  3  4  5  6  7  8  9 10 11 12 13 14 15 |
---------------+----------------------------------------------+-----
Axes           | 2 3 4 5 6 7 8 10 11 12 14 16 | 16.0
Dodging        | 1 2 3 4 |  4.0
Fighting       | 4 5 6 7 9 10 12 14 | 14.0
Invocations    | 4 9 10 | 10.0
Shields        | 4 5 6 7 9 |  9.0
Armour         | 4 5 6 8 11 13 | 13.8
Throwing       | 1 2 3 4 5 7 |  7.1

Action                     |  1- 3 |  4- 6 |  7- 9 | 10-12 | 13-15 | 16-18 || total
---------------------------+-------+-------+-------+-------+-------+-------++-------
  Melee: War axe           |    74 |   129 |   218 |   357 |   976 |    87 ||  1841
         Morningstar       |       |       |       |    27 |     8 |       ||    35
         Demon whip        |       |       |       |       |   280 |       ||   280
  Throw: Boomerang         |       |       |       |   107 |   147 |     7 ||   261
         Javelin           |       |       |       |       |   107 |     4 ||   111
 Invoke: Heroism           |       |       |     6 |    29 |    37 |     4 ||    76
         Finesse           |       |       |       |       |     6 |       ||     6
    Use: Scroll            |     3 |     5 |     5 |     7 |     3 |     3 ||    26
         Potion            |       |     4 |     4 |     5 |     2 |     5 ||    20
   Stab: Distracted        |       |       |       |       |     1 |       ||     1
 Armour: Scale mail        |    35 |    85 |   137 |   330 |   306 |       ||   893
         Plate armour      |       |       |       |       |   455 |    38 ||   493
  Dodge: Dodged            |    23 |    66 |   135 |   341 |   499 |    18 ||  1082
  Block: Buckler           |     8 |    26 |    57 |   154 |   326 |    38 ||   609
         Reflection        |       |       |       |       |     1 |     2 ||     3

Table legend:
 A = Non-vault XP
 B = Vault XP
 C = Vault XP percentage of total XP
 D = Non-vault monster count
 E = Vault monster count
 F = Vault count percentage of total count
                 A         B        C        D         E       F
            +---------+---------+-------+---------+---------+-------
      Total |   82074 |   55340 |  40.3 |     434 |     213 |  32.9
            +---------+---------+-------+---------+---------+-------
        D:1 |      33 |       0 |   0.0 |      21 |       0 |   0.0
        D:2 |      96 |      36 |  27.3 |      17 |       1 |   5.6
        D:3 |      78 |       2 |   2.5 |      16 |       2 |  11.1
        D:4 |     153 |    1424 |  90.3 |       8 |       9 |  52.9
        D:5 |     928 |     709 |  43.3 |      32 |      10 |  23.8
        D:6 |    1294 |    2078 |  61.6 |      30 |      30 |  50.0
        D:7 |    1309 |      96 |   6.8 |      11 |       2 |  15.4
        D:8 |    1237 |       0 |   0.0 |      18 |       0 |   0.0
        D:9 |    1603 |      40 |   2.4 |      18 |       1 |   5.3
       D:10 |    4416 |     259 |   5.5 |      27 |       8 |  22.9
       D:11 |    2088 |       0 |   0.0 |      15 |       0 |   0.0
       D:12 |    4155 |       0 |   0.0 |      15 |       0 |   0.0
       D:13 |    3932 |    5980 |  60.3 |       8 |      11 |  57.9
       D:14 |   11936 |   13174 |  52.5 |      23 |      26 |  53.1
       D:15 |    3871 |    5365 |  58.1 |       8 |       9 |  52.9
     Lair:1 |    3572 |       0 |   0.0 |      15 |       0 |   0.0
     Lair:2 |    6533 |    2500 |  27.7 |      20 |       7 |  25.9
     Lair:3 |    4649 |    5076 |  52.2 |      11 |      11 |  50.0
     Lair:4 |    6780 |    2776 |  29.0 |      32 |       9 |  22.0
     Lair:5 |   17293 |   11595 |  40.1 |      46 |      49 |  51.6
      Orc:1 |    3132 |       0 |   0.0 |      29 |       0 |   0.0
      Orc:2 |    2986 |    4230 |  58.6 |      14 |      28 |  66.7
            +---------+---------+-------+---------+---------+-------
